 Dungeon Crawl Stone Soup version 0.18.1-8-gdd0e5ea (webtiles) character file.

197 manyhoops the Cudgeler (level 5, -4/59 HPs)
             Began as an Ogre Berserker on May 30, 2016.
             Was a Believer of Trog.
             Slain by an adder (5 damage)
             ... on level 3 of the Dungeon.
             The game lasted 00:03:32 (3430 turns).

manyhoops the Cudgeler (Ogre Berserker)             Turns: 3430, Time: 00:03:32

Health: -4/59      AC:  3    Str: 23    XL:     5   Next: 75%
Magic:  5/5        EV: 10    Int:  6    God:    Trog [**....]
Gold:   210        SH:  0    Dex:  9    Spells: 0 memorised, 4 levels left

rFire  . . .     SeeInvis .     a - +0 mace
rCold  . . .     Gourm    .     b - +0 animal skin
rNeg   . . .     Faith    .     (no shield)
rPois  +         Spirit   .     (helmet restricted)
rElec  .         Dismiss  .     (no cloak)
rCorr  .         Reflect  .     (gloves unavailable)
SustAt .         Harm     .     (boots unavailable)
MR     +....                    (no amulet)
Stlth  +.........               p - ring of poison resistance
                                k - ring of protection from magic

@: lethally poisoned (-4 -> -5), exhausted, invisible, somewhat resistant to
hostile enchantments, very unstealthy
A: unfitting armour, tough skin 1
a: Berserk, Trog's Hand, Burn Spellbooks, Renounce Religion


You were on level 3 of the Dungeon.
You worshipped Trog.
Trog was pleased with you.
You were not hungry.

You visited 1 branch of the dungeon, and saw 4 of its levels.

You collected 210 gold pieces.

Inventory:

Hand Weapons
 a - a +0 mace (weapon)
 s - a +0 whip of venom
Armour
 b - a +0 animal skin (worn)
Jewellery
 k - a ring of protection from magic (left hand)
 p - a ring of poison resistance (right hand)
Scrolls
 e - a scroll of fog {unknown}
 g - 2 scrolls of remove curse {unknown}
 h - a scroll of amnesia {unknown}
 i - 3 scrolls of blinking
 m - 4 scrolls of identify {unknown}
 n - a scroll of teleportation {unknown}
Potions
 d - a potion of invisibility
 f - a potion of agility {unknown}
 j - 3 potions of curing {unknown}
 o - a potion of magic {unknown}
 q - 2 potions of ambrosia {unknown}
Comestibles
 c - a bread ration
 l - 3 beef jerkies
 r - 7 fruits


   Skills:
 + Level 6.2 Fighting
 * Level 6.6 Maces & Flails
 - Level 2.6 Dodging


You had 4 spell levels left.
You didn't know any spells.

Dungeon Overview and Level Annotations

Branches:
Dungeon (4/15)
 Temple: D:4-7

Altars:
Elyvilon
Fedhas
Nemelex Xobeh
Okawaru
Yredelemnul


Innate Abilities, Weirdness & Mutations

You are too large for most types of armour.
You have tough skin (AC +1).


Message History

The orc wizard is almost dead.
The adder barely misses you. The orc wizard hits you with a dagger.
* * * LOW HITPOINT WARNING * * *
The adder bites you.
* * * LOW HITPOINT WARNING * * *
You barely miss the orc wizard.
The orc wizard is almost dead.
The orc wizard casts a spell.
The orc wizard blinks!
The adder bites you but does no damage.
The orc wizard hits you but does no damage.
You barely miss the orc wizard.
The orc wizard is almost dead.
You feel sick. The adder bites you.
* * * LOW HITPOINT WARNING * * *
The orc wizard barely misses you.
It was a potion of invisibility.
You fade into invisibility!
The orc wizard hits you but does no damage.
The adder bites you.
You die...

#####.######.#.#.# #.####.#.....#
#.#.....##...###.#..#.#..#..#
#####.#..##..........#..#.#..#..#
......#..##..##..###.#..#.#......
.#######.##..##..# #....#.#.##..#
.........##..##..# ###.##.#.#....
###########..##.o# #.##.#.#.#..
#..###S# #.##.#.#.#.. #######..#
#@# #.##.#.#.#.. #........# #o#
#.##.#.#.#.. #.######.# #.#
#.##.#.#.##. #.# #.#
#.#####.##.#.#.... #.# #.#
#.#.....##.#.#.### #.# #.#
#.#.######.#.##### #.# #.#
#.#.######.#...... #.######.#
#...)......####### #........#
###...............


You could see an orc wizard, an adder and an orc.

Vanquished Creatures
  An orc priest (D:4)
  2 orc wizards (D:4)
  A giant frog skeleton (D:4)
  A worker ant (D:3)
  A worm (D:3)
  A dart slug (D:1)
  A giant gecko (D:1)
  2 orcs (D:3)
  3 giant cockroaches
  4 hobgoblins
  3 quokkas
  A ball python (D:3)
  5 bats
  3 giant newts
  15 goblins
  4 kobolds
  6 rats
54 creatures vanquished.

Notes
Turn   | Place    | Note
--------------------------------------------------------------
     0 | D:1      | manyhoops the Ogre Berserker began the quest for the Orb.
     0 | D:1      | Reached XP level 1. HP: 24/24 MP: 1/1
   242 | D:1      | Reached XP level 2. HP: 28/33 MP: 2/2
   830 | D:2      | Reached ** piety under Trog
   875 | D:2      | Found a blossoming altar of Fedhas.
  1010 | D:2      | Reached skill level 5 in Fighting
  1010 | D:2      | Reached XP level 3. HP: 40/42 MP: 3/3
  1066 | D:2      | Found a white marble altar of Elyvilon.
  1609 | D:2      | Found a basalt altar of Yredelemnul.
  2393 | D:3      | Reached skill level 5 in Maces & Flails
  2594 | D:3      | Found a sparkling altar of Nemelex Xobeh.
  2747 | D:3      | Reached XP level 4. HP: 50/50 MP: 4/4
  3361 | D:4      | Found an iron altar of Okawaru.
  3388 | D:4      | Reached XP level 5. HP: 59/59 MP: 5/5
  3429 | D:3      | HP: 1/59 [adder (5)]
  3430 | D:3      | Slain by an adder

Skill      XL: |  1  2  3  4  5 |
---------------+----------------+-----
Fighting       | 5 6 |  6.2
Maces & Flails | 5 6 |  6.6
Dodging        | |  2.6

Action                   |  1- 3 |  4- 6 || total
-------------------------+-------+-------++-------
Melee: Mace              |   158 |    24 ||   182
       Whip              |     2 |    13 ||    15
Invok: Berserk           |       |     1 ||     1
  Use: Scroll            |     1 |       ||     1
       Potion            |       |     1 ||     1
 Stab: Sleeping          |     1 |       ||     1
  Eat: Meat ration       |     1 |     1 ||     2
Armor: Animal skin       |    58 |    16 ||    74
Dodge: Dodged            |   125 |    27 ||   152
